 Dungeon Sprint DCSS version 0.17-a0-2127-g1cb09f6 (webtiles) character file.

175 Kidiri the Covert (level 5, -2/21 HPs)
             Began as a Spriggan Enchanter on Oct 22, 2015.
             Was an Initiate of Dithmenos.
             Slain by a spatial vortex (23 damage)
             ... in the Dungeon (Sprint III: "The Ten Rune Challenge").
             The game lasted 00:02:35 (363 turns).

Kidiri the Covert (Spriggan Enchanter)               Turns: 363, Time: 00:02:35

Health: -2/21      AC:  6    Str:  4    XL:     5   Next: 29%
Magic:  6/15       EV: 22    Int: 17    God:    Dithmenos [......]
Gold:   15         SH:  0    Dex: 17    Spells: 5 memorised, 4 levels left

rFire  . . .     SeeInvis +     k - +2 short sword (distort)
rCold  . . .     Clarity  .     b - +1 robe
rNeg   . . .     SustAt   .     (shield restricted)
rPois  .         Gourm    .     (helmet restricted)
rElec  .         Spirit   .     n - +0 cloak
rCorr  .         Warding  .     (gloves unavailable)
rMut   .         NoTele   +     (boots unavailable)
MR     .....                    (no amulet)
Stlth  +++++.....               (no ring)
                                (no ring)

@: very quick, not resistant to hostile enchantments, quite stealthy
A: unfitting armour, talons 1, thin metallic scales 1, see invisible, herbivore
3, speed 3, frail 1, high mp 1, slow metabolism 2, MP-powered wands
a: Renounce Religion


You were in the Dungeon.
You worshipped Dithmenos.
Dithmenos was noncommittal.
You were not hungry.

You visited 1 branch You collected 15 gold pieces.

Inventory:

Hand Weapons
 k - a +2 short sword of distortion (weapon)
Armour
 b - a +1 robe (worn)
 n - a +0 cloak (worn)
Wands
 l - a wand of teleportation (1)
Scrolls
 j - a scroll of blinking
 p - 2 scrolls of holy word
 q - a scroll of identify
 u - a scroll of remove curse
Potions
 e - a potion of curing
 f - a potion of heal wounds
 g - a potion of haste
 h - 2 potions of magic
 i - a potion of berserk rage
 s - 3 potions of cure mutation
 t - 4 potions of flight
Comestibles
 d - 3 bread rations
 r - 2 royal jellies


   Skills:
 * Level 5.0 Short Blades
 + Level 2.2 Armour
 * Level 7.0 Dodging
 * Level 8.4 Stealth
 * Level 6.0 Spellcasting
 + Level 1.5 Conjurations
 + Level 5.3 Hexes
 + Level 1.7 Ice Magic
 + Level 0.0 Invocations


You had 4 spell levels left.
You knew the following spells:

 Your Spells              Type           Power        Failure   Level  Hunger
a - Corona                Hex            ###....      1%          1    None
b - Ensorcelled Hibernat  Hex/Ice        ###...       4%          2    None
c - Confuse               Hex            ###.....     6%          3    ##.....
d - Tukima's Dance        Hex            ###.....     6%          3    ##.....
e - Dazzling Spray        Conj/Hex       ###.....     12%         3    ##.....


Dungeon Overview and Level Annotations

Branches:
Dungeon (1/1)

Altars:
Dithmenos
Gozag
Makhleb
Nemelex Xobeh
Qazlal
Ru
Xom
Jiyva
Lugonu


Innate Abilities, Weirdness & Mutations

You are tiny and cannot use many weapons and most armour.
You have supernaturally acute eyesight.
You are a herbivore.
You cover ground extremely quickly.
You need consume almost no food.
You have sharp toenails.
You are partially covered in thin metallic scales (AC +2).
You are frail (-10% HP).
You have an increased reservoir of magic (+10% MP).
You expend magic power (3 MP) to strengthen your wands.


Message History

Press: ? - help, Shift-Dir - straight line, f - spatial vortex
Aim: a spatial vortex The spray of energy hits the spatial vortex.
The spatial vortex is lightly damaged.
Casting: Dazzling Spray
Confirm with . or Enter, or press ? or * to list all spells.
Aiming: Dazzling Spray
Press: ? - help, Shift-Dir - straight line, f/p - spatial vortex
Aim: a spatial vortex (lightly damaged)
The spray of energy hits the spatial vortex.
The spatial vortex is moderately damaged.
Casting: Dazzling Spray
Confirm with . or Enter, or press ? or * to list all spells.
Aiming: Dazzling Spray
Press: ? - help, Shift-Dir - straight line, f/p - spatial vortex
Aim: a spatial vortex (moderately damaged)
The spray of energy misses the spatial vortex.
The spatial vortex hits you!!
Ouch! That really hurt!
You die...

...♣♣ ♣.# ....♣♣ ♣.#
.....♣ ♣.# ...≈♣♣♣
♣.###+#+###+##
..≈≈♣.♣♣♣.#..........#
.≈≈≈≈♣..♣.'.⌠........#
.≈≈≈≈≈≈.♣.#...######'#
≈≈≈≈≈≈....#.⌠.#__#...#
≈≈≈≈≈.....#...#v@#...#
≈≈≈.......#+###__#...#
..........# #__#...+
....%.....# #_.'...#
▓▓▓▓▓▓▓▓▓▓▓ ▓▓▓▓▓▓▓▓


You could see a spatial vortex.

Vanquished Creatures
  A water elemental (D)
  Crazy Yiuf (D)
  A jelly (D)
  Jessica (D)
  A human (D)
  An ooze (D)
  2 rats (D)
8 creatures vanquished.

Vanquished Creatures (others)
  2 draconian scorchers (D)
  A yaktaur (D)
3 creatures vanquished.

Grand Total: 11 creatures vanquished

Notes
Turn   | Place    | Note
--------------------------------------------------------------
     0 | D        | Kidiri the Spriggan Enchanter began the quest for the Orb.
     0 | D        | Reached XP level 1. HP: 9/9 MP: 5/5
    15 | D        | Noticed Jessica
    17 | D        | Killed Jessica
    17 | D        | Reached skill level 1 in Armour
    17 | D        | Reached skill level 6 in Stealth
    17 | D        | Reached XP level 2. HP: 13/13 MP: 6/8
    17 | D        | Reached XP level 3. HP: 16/16 MP: 6/9
    27 | D        | Killed a yaktaur
    32 | D        | Learned a level 2 spell: Ensorcelled Hibernation
    36 | D        | Learned a level 3 spell: Confuse
    40 | D        | Learned a level 3 spell: Dazzling Spray
    61 | D        | Reached skill level 5 in Dodging
    85 | D        | Noticed Crazy Yiuf
    92 | D        | Killed Crazy Yiuf
    92 | D        | Reached skill level 7 in Stealth
    92 | D        | Reached XP level 4. HP: 21/21 MP: 9/11
   114 | D        | Learned a level 3 spell: Tukima's Dance
   135 | D        | Gained mutation: You have an increased reservoir of magic (+10% MP). [potion of mutation]
   135 | D        | Gained mutation: You are frail (-10% HP). [potion of mutation]
   136 | D        | Gained mutation: You are partially covered in thin metallic scales (AC +2). [potion of mutation]
   136 | D        | Gained mutation: You have sharp toenails. [potion of mutation]
   136 | D        | Gained mutation: You expend magic power (3 MP) to strengthen your wands. [potion of mutation]
   169 | D        | Noticed a water elemental
   190 | D        | Killed a water elemental
   190 | D        | Reached skill level 8 in Stealth
   190 | D        | Reached skill level 5 in Spellcasting
   190 | D        | Reached skill level 1 in Conjurations
   190 | D        | Reached skill level 5 in Hexes
   190 | D        | Reached skill level 1 in Ice Magic
   190 | D        | Reached XP level 5. HP: 17/21 MP: 1/15
   217 | D        | Killed a white draconian scorcher
   268 | D        | Killed a white draconian scorcher
   332 | D        | Noticed a jelly
   333 | D        | Noticed a shadow
   339 | D        | Killed a jelly
   339 | D        | Reached skill level 5 in Short Blades
   355 | D        | Found a stormy altar of Qazlal.
   356 | D        | Found a sacrificial altar of Ru.
   356 | D        | Found a burning altar of Makhleb.
   356 | D        | Found a viscous altar of Jiyva.
   356 | D        | Found a shimmering altar of Xom.
   356 | D        | Found a shadowy altar of Dithmenos.
   356 | D        | Found a sparkling altar of Nemelex Xobeh.
   356 | D        | Found a corrupted altar of Lugonu.
   356 | D        | Found an opulent altar of Gozag.
   356 | D        | Noticed a spatial vortex
   360 | D        | Became a worshipper of Dithmenos the Shadowed
   363 | D        | Slain by a spatial vortex

Vault maps used:
D:        dungeon_sprint_mu

Action                   |  1- 3 |  4- 6 || total
-------------------------+-------+-------++-------
Melee: Dagger            |     2 |       ||     2
       Short sword       |     4 |     5 ||     9
 Cast: Ensorcelled Hiber |     1 |     1 ||     2
       Dazzling Spray    |       |     7 ||     7
  Use: Scroll            |       |     3 ||     3
       Potion            |       |     2 ||     2
 Stab: Sleeping          |     5 |     1 ||     6
